 Dungeon Crawl Stone Soup version 0.27-a0-1200-g94dc6ad4cf (webtiles) character file.

Game seed: 7035745757581649598

191 quinnr the Caller (level 5, 0/41 HPs)
             Began as a Barachi Summoner on May 31, 2021.
             Was an Initiate of Gozag.
             Slain by a killer bee (7 damage)
             ... on level 4 of the Dungeon.
             The game lasted 00:14:24 (4994 turns).

quinnr the Caller (Barachi Summoner)                Turns: 4994, Time: 00:14:25

Health: 0/41       AC:  2    Str:  9    XL:     5   Next: 70%
Magic:  1/11       EV: 12    Int: 17    God:    Gozag
Gold:   188        SH:  0    Dex: 12    Spells: 6/12 levels left

rFire    . . .     SeeInvis .   m - +2 whip (elec)
rCold    . . .     Faith    .   (no shield)
rNeg     . . .     Spirit   .   a - +0 robe
rPois    .         Reflect  .   (no helmet)
rElec    .         Harm     .   (no cloak)
rCorr    .         Rampage  .   (no gloves)
Will     .....                  (no boots)
Stlth    ++........             k - amulet of the acrobat
HPRegen  0.13/turn              l - ring of wizardry
MPRegen  0.12/turn              (no ring)

@: lethally poisoned (0 -> -1), slow
A: amphibious, slowness 1, strong legs 1, +LOS
a: Hop, Renounce Religion, Potion Petition, Call Merchant, Bribe Branch


You were on level 4 of the Dungeon.
You worshipped Gozag.
Gozag was aware of your devotion.
You visited 1 branch of the dungeon, and saw 4 of its levels.

You collected 228 gold pieces.
You paid 40 gold pieces to Gozag.

Inventory:

Hand Weapons
 f - a +0 vampiric dagger
 m - a +2 whip of electrocution (weapon)
Missiles
 j - 2 poisoned darts (quivered)
Armour
 a - a +0 robe (worn)
 n - a +0 buckler
Jewellery
 k - an amulet of the acrobat (around neck)
 l - a ring of wizardry (left hand)
Wands
 o - a wand of paralysis (10)
Scrolls
 c - a scroll of immolation
 d - a scroll of holy word {unknown}
 h - a scroll of blinking {unknown}
 i - 3 scrolls of fog {unknown}
Potions
 b - 2 potions of brilliance {unknown}
 e - a potion of flight
 g - 2 potions of attraction


   Skills:
 - Level 3.0 Fighting
 - Level 2.1 Dodging
 - Level 1.7 Stealth
 + Level 0.1 Shields
 - Level 4.0 Spellcasting
 - Level 3.0 Hexes
 - Level 5.0 Summonings


You had 6 spell levels left.
You knew the following spells:

 Your Spells              Type           Power      Damage    Failure   Level
a - Summon Small Mammal   Summ           80%        N/A       1%          1
b - Call Imp              Summ           20%        N/A       1%          2
c - Summon Guardian Gole  Hex/Summ       17%        N/A       3%          3

Your spell library contained the following spells:

 Spells                   Type           Power      Damage    Failure   Level
 Slow                     Hex            13%        N/A       2%          2
 Call Canine Familiar     Summ           20%        N/A       2%          3
 Magic Dart               Conj           12%        1d3       6%          1
 Blink                    Tloc           N/A        N/A       10%         2
 Conjure Flame            Conj/Fire      3%         6-21      19%         3
 Mephitic Cloud           Conj/Pois/Air  3%         N/A       19%         3
 Summon Ice Beast         Ice/Summ       11%        N/A       22%         4
 Summon Lightning Spire   Summ/Air       11%        N/A       22%         4


Dungeon Overview and Level Annotations

Branches:
Dungeon (4/15)
 Temple: D:4-7

Altars:
Gozag
Wu Jian
Zin


Innate Abilities, Weirdness & Mutations

You are amphibious.
You cover ground slowly.
You can hop short distances.
You have an extended range of vision and can be seen from far away.


Message History

The killer bee closely misses you.
Your shadow imp barely misses the killer bee.
The killer bee completely misses you.
Your shadow imp completely misses the killer bee.
Your bat hits the killer bee but does no damage.
The killer bee closely misses your shadow imp.
The killer bee stings you.
You are poisoned.
The killer bee poisons you!
The killer bee barely misses your shadow imp.
The killer bee misses you. x2; Your shadow imp hits the killer bee.
The killer bee completely misses you.
Your shadow imp hits the killer bee.
You feel sick.
Your bat closely misses the killer bee.
The killer bee closely misses you.
Your shadow imp gestures at the killer bee.
The killer bee writhes in agony.
The killer bee stings your shadow imp!
Your shadow imp dies!
The killer bee closely misses you.
Your shadow imp closely misses the killer bee.
The killer bee completely misses you.
You feel sick.
Your bat closely misses the killer bee.
The killer bee stings your bat!
Your bat dies!
Your bat's corpse disappears in a puff of smoke!
Your shadow imp completely misses the killer bee.
You feel sick.
Your shadow imp disappears in a puff of smoke!
The killer bee completely misses you. x2
You feel sick. The killer bee closely misses you.
The killer bee completely misses you.
The killer bee stings you but does no damage.
The killer bee stings you.
Casting: Call Imp (safe; 1% risk of failure)
Confirm with . or Enter, or press ? or * to list all spells.
A beastly little devil appears in a puff of flame.
You feel sick. The killer bee stings you.
* * * LOW HITPOINT WARNING * * *
The killer bee misses you. The killer bee stings you!
You die...
Your body crumbles into a pile of gold.

#........#....##.......#
#........#######.......# .....
#........#.............# .....
.###'#####.............# .....
.#.......#.............# ...(.
.#.......+.............# .....
.#.......#......)...$..# ..g..
.'.......#.....yyy.....# .$...
.##...##########@##...######$$...
###'### #5##...##.#..###..
..#...# ..#......5.....'..
..'...+ ...#............#..
..#...# ....#............#
###...# .....#............#
..#...# ......#######+##...#
..#...# .......# ##### ..#...#
...##...#


You could see 3 killer bees and a friendly crimson imp (summoned).

Vanquished Creatures
  A dart slug (D:2)
  An orc (D:4)
  2 bats
  An endoplasm (D:3)
  A hobgoblin (D:3)
  2 jackals (D:1)
  A kobold (D:2)
  A quokka (D:4)
  A ball python (D:1)
  2 rats
13 creatures vanquished.

Vanquished Creatures (collateral kills)
  Blork the orc (D:4)
  A hound (D:4)
  Jessica (D:1)
  An orc wizard (D:3)
  3 adders
  A white imp (D:4)
  2 adder skeletons (D:4)
  A worm (D:2)
  3 dart slugs
  8 orcs
  3 bats
  3 endoplasms
  A giant cockroach (D:2)
  4 goblins
  2 hobgoblins (D:3)
  5 jackals
  A quokka (D:3)
  3 ball pythons
  4 frilled lizards
  3 kobolds
  4 rats
55 creatures vanquished.

Vanquished Creatures (others)
  A scorpion (D:4)
1 creature vanquished.

Grand Total: 69 creatures vanquished

Notes
Turn   | Place    | Note
-------+----------+-------------------------------------------
     0 | D:1      | quinnr the Barachi Summoner began the quest for the Orb.
     0 | D:1      | Reached XP level 1. HP: 13/13 MP: 3/3
   144 | D:1      | quinnr: ??barachi
   144 | D:1      | beem: barachi[1/5]: New frog-like species in 0.20. Has a
                  | Hop ability letting the player choose a spot up to 4 tiles
                  | away, landing them randomly in a 5x5 area. Range upgrades
                  | to 6 at XL13. Barachians have Slow 1 (move 1.2, faster than
                  | Na), are amphibious, and have average stats and slightly
                  | above-average apts. In addition, they have +1 LOS for a
                  | total of 8.
   144 | D:1      | quinnr: !wtf Barachi
   144 | D:1      | beem: Unemployed Barachi
   144 | D:1      | quinnr: !ftw Barachi
   144 | D:1      | beem: Ba??
   144 | D:1      | quinnr: !whichgod BaSu
   144 | D:1      | beem: 28 recent wins for BaSu: 16x Gozag, 3x Sif Muna, 3x
                  | Cheibriados, 2x Hepliaklqana, Uskayaw, Kikubaaqudgha,
                  | Okawaru, Ashenzari
   207 | D:1      | Found a faded altar of an unknown god.
   229 | D:1      | Reached skill level 5 in Summonings
   660 | D:1      | Reached XP level 2. HP: 19/19 MP: 1/5
   754 | D:1      | Learned a level 2 spell: Call Imp
  1206 | D:2      | Noticed Jessica
  1280 | D:1      | Killed Jessica
  1281 | D:1      | Reached XP level 3. HP: 24/24 MP: 0/7
  1620 | D:2      | Learned a level 3 spell: Summon Guardian Golem
  1930 | D:2      | quinnr: ??summon cap
  1930 | D:2      | beem: summon cap ~ summoning cap[1/1]: You can only have so
                  | many summons from a particular spell at once. Look at a
                  | spell's description in-game (with I or ?/S) to see the cap
                  | for that spell.
  2325 | D:3      | Found an ornate altar of the Wu Jian Council.
  2796 | D:3      | quinnr: @?shadow imp
  2796 | D:3      | beem: shadow imp (5)
                  | Spd:
    10 | HD: 2    | HP: 9-13
                  | AC/EV:
                  | 3/11
                  | Dam: 6
                  | demonic, doors, evil, see invisible
                  | Res:
                  | magic(10), cold++, poison, miasma, neg+++, torm
                  | Vul: holy
                  | | XP: 11
                  | Sp: pain (d14) [!sil]
                  | Sz: little
                  | Int: human.
  2803 | D:3      | Reached skill level 1 in Hexes
  2803 | D:3      | Reached XP level 4. HP: 18/30 MP: 5/10
  3591 | D:3      | Found an opulent altar of Gozag.
  3591 | D:3      | Found a glowing silver altar of Zin.
  3605 | D:3      | Became a worshipper of Gozag Ym Sagoz the Greedy
  4215 | D:4      | Noticed a scorpion
  4239 | D:4      | Killed a scorpion
  4240 | D:4      | Reached skill level 1 in Fighting
  4240 | D:4      | Reached XP level 5. HP: 37/37 MP: 1/11
  4731 | D:4      | Noticed Blork the orc
  4742 | D:4      | Killed Blork the orc
  4994 | D:4      | Slain by a killer bee

Illustrated notes

Levels and vault maps discovered:
D:1:      co_arrival_square_in_a_square_in_a_square, layout_basic,
          hellmonk_ecumenical_altar_blasted, minmay_quantized
D:2:      layout_basic, uniq_jessica
D:3:      layout_basic, grunt_temple_overflow_gold_and_silver,
          amcnicky_altar_gilded
D:4:      layout_gridville, uniq_blork_the_orc

Skill      XL: |  1  2  3  4  5 |
---------------+----------------+-----
Summonings     | 5 |  5.0
Spellcasting   | 3 4 |  4.0
Hexes          | 1 2 3 |  3.0
Fighting       | 1 3 |  3.0
Dodging        | |  2.1
Stealth        | |  1.7
Shields        | |  0.1

Action                   |  1- 3 |  4- 6 || total
-------------------------+-------+-------++-------
Melee: Dagger            |    55 |    21 ||    76
       Unarmed           |     7 |       ||     7
       Whip              |       |     8 ||     8
Throw: Dart              |       |     1 ||     1
 Cast: Summon Small Mamm |    31 |    17 ||    48
       Call Imp          |    49 |    44 ||    93
       Summon Guardian G |       |     8 ||     8
 Abil: Hop               |     4 |       ||     4
  Use: Scroll            |     3 |       ||     3
 Stab: Sleeping          |     1 |       ||     1
Armor: Robe              |    11 |    10 ||    21
Dodge: Dodged            |    60 |    66 ||   126

Table legend: (Time is in decaauts)
 A = Elapsed time spent in this place.
 B = Non-inter-level travel time spent in this place.
 C = Inter-level travel time spent in this place.
 D = Time resting spent in this place.
 E = Time spent auto-exploring this place.
 F = Levels seen in this place.
 G = Mean time per level.
                   A        B        C        D        E       F      G
               +--------+--------+--------+--------+--------+-----+--------+
         Total |   5443 |   5316 |    127 |    813 |   3535 |   4 | 1360.8 |
       Dungeon |   5443 |   5316 |    127 |    813 |   3535 |   4 | 1360.8 |
               +--------+--------+--------+--------+--------+-----+--------+

Top non-repeatable levels by time:
     D:3: 2083 daAuts
     D:1: 1491 daAuts
     D:4: 963 daAuts
     D:2: 905 daAuts
